 Dungeon Crawl Stone Soup version 0.26-b1-25-gafae2e710b (webtiles) character file.

Game seed: 12139206701198964773

653 oldmanjim the Chopper (level 7, -11/61 HPs)
             Began as a Hill Orc Fighter on Jan 3, 2021.
             Killed from afar by Ijyb (26 damage)
             ... with a bolt of acid
             ... on level 5 of the Dungeon.
             The game lasted 00:34:49 (5066 turns).

oldmanjim the Chopper (Hill Orc Fighter)            Turns: 5066, Time: 00:34:50

Health: -11/61     AC:  8    Str: 21    XL:     7   Next: 54%
Magic:  7/7        EV:  4    Int:  8    God:
Gold:   183        SH: 10    Dex: 10    Spells: 6/6 levels left

rFire    . . .     SeeInvis .   a - +1 war axe
rCold    . . .     Faith    .   c - +0 kite shield
rNeg     . . .     Spirit   .   n - +0 plate armour
rPois    .         Reflect  .   p - +0 helmet
rElec    .         Harm     .   z - scarf {+Inv}
rCorr    .         Rampage  .   s - +1 pair of gloves
Will     .....     Rnd*Tele +   C - +0 pair of boots
Stlth    ..........             (no amulet)
HPRegen  0.20/turn              h - ring of teleportation (curse)
MPRegen  0.10/turn              (no ring)

@: corroded
A: no striking features
a: Evoke Invisibility


You were on level 5 of the Dungeon.
You visited 1 branch of the dungeon, and saw 5 of its levels.

You collected 183 gold pieces.

Inventory:

Hand Weapons
 a - a +1 war axe (weapon)
 k - a +0 hunting sling
 v - a +2 dagger of protection
 D - a +2 short sword of distortion
Missiles
 f - 104 stones (quivered)
 w - 67 sling bullets
Armour
 b - a +0 scale mail
 c - a +0 kite shield (worn)
 n - a +0 plate armour (worn)
 p - a +0 helmet (worn)
 s - a +1 pair of gloves (worn)
 z - a scarf of invisibility (worn)
 C - a +0 pair of boots (worn)
Jewellery
 h - a cursed ring of teleportation (left hand)
 l - an uncursed amulet of guardian spirit {unknown}
 A - the ring of Vyczepreyme {rN+ Int-5 Dex+7 Stlth+, unknown}
   (You found it on level 4 of the Dungeon)

   [ring of positive energy]

   It affects your intelligence (-5).
   It affects your dexterity (+7).
   It protects you from negative energy.
   It makes you more stealthy.
 E - a +6 ring of strength {unknown}
Scrolls
 g - 4 scrolls of amnesia
 i - 2 scrolls of enchant armour
 q - a scroll of teleportation
 r - a scroll of identify
 u - 3 scrolls of magic mapping
 y - 3 scrolls of enchant weapon
Potions
 d - 3 potions of might
 e - 2 potions of haste {unknown}
 j - 3 potions of flight
 m - a potion of degeneration {unknown}
 o - 2 potions of mutation
 t - a potion of attraction {unknown}
 x - 2 potions of heal wounds
 B - 3 potions of ambrosia {unknown}


   Skills:
 + Level 5.3 Fighting
 + Level 5.6 Axes
 - Level 4.0 Armour
 + Level 5.4 Shields
 - Level 4.0 Evocations


You had 6 spell levels left.
You didn't know any spells.
Your spell library was empty.

Dungeon Overview and Level Annotations

Branches:
Dungeon (5/15)
 Temple: D:4-7

Altars:
Cheibriados
Dithmenos
Nemelex Xobeh

Annotations:
D:5 Ijyb


Message History

You throw a stone. The stone barely misses the adder.
The adder bites you but does no damage.
You closely miss the adder. The adder barely misses you.
You block the adder's attack.
You closely miss the adder. The adder barely misses you.
You closely miss the adder. You block the adder's attack.
The adder bites you but does no damage.
You slash the adder!
The adder is severely wounded.
The adder bites you but does no damage.
Ijyb screams, "Me very upset!"
You slash the adder!
You kill the adder!
Ijyb zaps a wand.
The bolt of acid hits you!! The acid corrodes you!
You are splashed with acid!
* * * LOW HITPOINT WARNING * * *
You are too injured to fight recklessly!
You are too injured to fight recklessly!
You closely miss Ijyb.
Ijyb zaps a wand.
The bolt of acid hits you!!
You die...

.. ### ## ..#### #
....# . ...# .#
.(# .# ##.# #
..### #..# ..
#...# ##g## ..
##...# #@.# .#
##..#.######.##
.####..#.........#
.#..............##
................#
................#
................#
................#
#...............#


You could see Ijyb.

Vanquished Creatures
  An ogre (D:5)
  A scorpion (D:4)
  2 bullfrog zombies
  A hound (D:4)
  An orc wizard (D:4)
  2 iguanas (D:4)
  5 worker ants (D:4)
  10 adders
  4 gnolls (D:4)
  2 oozes
  An adder skeleton (D:4)
  3 dart slugs
  3 leopard geckos
  12 orcs
  9 bats
  3 giant cockroaches
  4 goblins
  5 hobgoblins
  2 quokkas
  A ball python (D:4)
  5 frilled lizards
  9 kobolds
  4 rats
90 creatures vanquished.

Notes
Turn   | Place    | Note
-------+----------+-------------------------------------------
     0 | D:1      | oldmanjim the Hill Orc Fighter began the quest for the Orb.
     0 | D:1      | Reached XP level 1. HP: 19/19 MP: 1/1
   220 | D:1      | Reached XP level 2. HP: 26/27 MP: 2/2
   993 | D:2      | Reached XP level 3. HP: 12/33 MP: 3/3
  1509 | D:2      | Reached XP level 4. HP: 41/41 MP: 4/4
  1947 | D:2      | Found a snail-covered altar of Cheibriados.
  1953 | D:2      | Found a sparkling altar of Nemelex Xobeh.
  1958 | D:2      | Found a shadowy altar of Dithmenos.
  2526 | D:3      | Reached skill level 1 in Evocations
  2537 | D:3      | Reached XP level 5. HP: 44/47 MP: 5/5
  3568 | D:4      | Reached XP level 6. HP: 55/55 MP: 6/6
  3683 | D:4      | Reached skill level 5 in Fighting
  3988 | D:4      | Got a vibrating copper ring
  4326 | D:4      | Reached skill level 5 in Axes
  4385 | D:4      | Reached XP level 7. HP: 61/61 MP: 7/7
  4547 | D:4      | Reached skill level 5 in Shields
  4878 | D:5      | Entered Level 5 of the Dungeon
  5057 | D:5      | Noticed Ijyb
  5066 | D:5      | Killed from afar by Ijyb

Illustrated notes

Levels and vault maps discovered:
D:1:      nagdon_arrival_zigzag_paths, layout_loops_ring
D:2:      layout_basic, minitemple
D:3:      layout_basic, chequers_big_river
D:4:      layout_basic
D:5:      layout_rooms, nicolae_tso_swordbearing_angel,
          eino_small_chamber_without_monster, uniq_ijyb

Skill      XL: |  1  2  3  4  5  6  7 |
---------------+----------------------+-----
Axes           | 3 4 5 |  5.6
Fighting       | 4 5 |  5.3
Armour         | 4 |  4.0
Shields        | 4 5 |  5.4
Evocations     | 1 2 3 4 |  4.0

Action                   |  1- 3 |  4- 6 |  7- 9 || total
-------------------------+-------+-------+-------++-------
Melee: War axe           |    77 |   230 |    56 ||   363
Throw: Stone             |     1 |    24 |     3 ||    28
  Use: Scroll            |       |    11 |       ||    11
Armor: Scale mail        |    34 |       |       ||    34
       Plate armour      |    12 |   140 |    31 ||   183
Dodge: Dodged            |    19 |    32 |    11 ||    62
Block: Kite shield       |    39 |   109 |    20 ||   168
